Map: Blueshift LE

Players

Chamillitary - Winner!

  • Race: Terran Terran
  • League: Diamond
  • Spawn Location: 1:00

Nopi

  • Race: Zerg Zerg
  • League: Diamond
  • Spawn Location: 7:00

VOD

Have the link to the VOD?

Description

Time

  • Played on: Aug. 22, 2018, 6:15 p.m.
  • Length: 37:29
Show
View Real Time Build Order
Export as new Build Order

Chamillitary Terran - Winner!

Build Orders:  

Get SALT Encoding   

  12  0:01  SCV  
  13  0:13  SCV  
  14  0:24  Supply Depot  
  14  0:25  SCV  
  15  0:30  Refinery  
  15  0:45  SCV  
  15  0:49  Barracks  
  16  0:58  SCV  
  16  1:00  Refinery  
  17  1:10  SCV  
  18  1:22  SCV  
  19  1:34  SCV  
  20  1:40  Factory  
  20  1:45  Supply Depot  
  20  1:46  Marine  
  21  1:56  Orbital Command  
  21  2:04  Marine  
  22  2:22  SCV, Marine  
  24  2:26  Armory  
  24  2:27  Factory Tech Lab  
  24  2:39  Factory  
  24  2:43  SCV  
  25  2:45  Marine  
  26  2:55  SCV  
  26  2:57  Infernal Pre-Igniter  
  27  3:05  Supply Depot  
  27  3:07  SCV  
  28  3:14  Cyclone  
  31  3:27  Supply Depot, SCV  
  31  3:30  Factory Reactor  
  32  3:39  SCV  
  33  3:47  Cyclone  
  36  3:51  Terran Vehicle And Ship Armor Level 1  
  36  3:56  Engineering Bay  
  36  4:07  Cyclone  
  36  4:09  Hellbat  
  41  4:15  Supply Depot  
  41  4:22  Cyclone  
  44  4:35  Missile Turret, SCV  
  45  4:39  Hellbat  
  47  4:48  Cyclone  
  50  4:56  Hellbat  
  52  5:03  Cyclone  
  55  5:17  Armory  
  55  5:20  Hellbat  
  57  5:42  Command Center  
  57  5:58  Hellbat  
  57  5:59  Cyclone  
  62  6:13  Cyclone  
  65  6:19  Terran Vehicle Weapons Level 1  
  52  6:43  Hellbat x2  
  40  7:00  Hellbat  
  42  7:09  Starport, Barracks  
  42  7:13  Barracks  
  42  7:16  Supply Depot, Terran Vehicle And Ship Armor Level 2  
  42  7:31  Cyclone  
  45  7:38  Hellbat  
  45  7:40  Hellbat  
  49  7:50  Supply Depot  
  49  7:53  Planetary Fortress  
  49  8:05  Barracks Tech Lab  
  49  8:06  Barracks Reactor  
  49  8:16  SCV  
  49  8:17  Supply Depot  
  49  8:19  Hellbat  
  54  8:20  Hellbat  
  54  8:22  Barracks Tech Lab  
  54  8:31  Marine  
  52  8:40  Cyclone  
  55  8:42  Hellbat  
  55  8:46  SCV  
  58  8:49  Marine  
  59  9:07  Marine  
  43  9:25  Marine  
  36  9:33  Cyclone x2  
  36  9:35  Hellbat  
  36  9:38  SCV x2  
  46  9:39  Marine  
  46  9:40  Marine  
  46  9:41  Marine  
  46  9:45  Concussive Shells  
  49  9:50  SCV x2  
  51  9:56  Hellbat  
  53  10:05  Cyclone  
  56  10:14  SCV x2  
  58  10:25  Terran Vehicle Weapons Level 2  
  55  10:34  Cyclone  
  58  10:36  Hellbat  
  58  10:41  SCV x2  
  62  10:57  Command Center  
  62  11:01  Missile Turret  
  62  11:03  Refinery  
  62  11:05  Refinery  
  62  11:11  SCV  
  62  11:13  SCV  
  62  11:17  Combat Shield  
  64  11:20  Stimpack  
  64  11:25  Medivac  
  66  11:34  SCV  
  66  11:35  SCV  
  66  11:38  Marine x3  
  66  11:39  Marine  
  72  11:46  Supply Depot  
  72  11:48  Cyclone  
  72  11:50  Cyclone  
  72  11:52  Hellbat  
  80  12:07  Medivac  
  82  12:12  Marine x2  
  82  12:13  Cyclone, Marine  
  82  12:14  Marine  
  90  12:25  Planetary Fortress  
  89  12:36  Factory  
  89  12:37  Medivac  
  89  12:42  SCV  
  92  12:46  Terran Infantry Weapons Level 1  
  92  12:49  Engineering Bay  
  92  12:53  Hellbat x2  
  92  12:55  Hellbat  
  98  13:06  Missile Turret  
  98  13:14  Hellbat x2  
  98  13:16  Terran Infantry Armor Level 1, Hellbat  
  98  13:18  Terran Vehicle And Ship Armor Level 3  
  104  13:27  Supply Depot  
  104  13:28  Factory Tech Lab  
  104  13:36  Starport Tech Lab  
  104  13:41  Starport, Marine x4  
  104  13:46  Hellbat  
  104  13:47  Cyclone  
  113  13:50  SCV  
  114  14:02  SCV  
  115  14:05  Supply Depot  
  115  14:14  SCV  
  116  14:17  Liberator  
  116  14:19  Refinery  
  116  14:22  Refinery  
  116  14:23  Liberator  
  116  14:24  Siege Tank  
  116  14:25  Siege Tank  
  116  14:26  SCV  
  123  14:38  High Capacity Fuel Tanks, SCV  
  130  14:50  SCV  
  131  15:02  SCV  
  131  15:05  Siege Tank x2  
  138  15:14  SCV  
  138  15:15  Command Center  
  139  15:26  SCV  
  109  15:38  SCV  
  107  15:55  Cyclone  
  88  17:24  Marine x4  
  88  17:29  Starport Reactor  
  92  17:31  Factory Reactor  
  92  17:37  Cyclone x2  
  92  17:42  Marine x4  
  99  17:47  Missile Turret  
  99  17:50  Missile Turret x2  
  96  17:52  Missile Turret  
  96  17:56  Missile Turret  
  96  17:59  Missile Turret  
  96  18:00  Marine x4  
  100  18:07  Missile Turret  
  100  18:09  Cyclone  
  100  18:10  Cyclone  
  106  18:13  Missile Turret  
  106  18:15  Missile Turret  
  106  18:17  Missile Turret  
  106  18:18  Marine x4  
  110  18:36  Marine x2  
  110  18:39  Missile Turret x2  
  112  18:41  Cyclone  
  112  18:42  Cyclone  
  112  18:47  Missile Turret, Liberator x3  
  118  18:54  Missile Turret  
  118  18:57  Planetary Fortress  
  127  19:14  Cyclone x2  
  133  19:24  Missile Turret  
  133  19:30  Liberator  
  133  19:33  SCV  
  134  19:44  Missile Turret x2  
  134  19:45  SCV  
  134  19:46  Cyclone x2  
  134  19:47  Missile Turret  
  141  19:57  SCV  
  142  20:09  SCV  
  143  20:17  Thor, Hellbat x2  
  143  20:18  Thor, SCV x2  
  161  20:21  SCV  
  161  20:24  Missile Turret  
  162  20:32  Refinery  
  162  20:39  Hellbat x2  
  166  20:44  Terran Infantry Weapons Level 2  
  166  20:45  Missile Turret, Terran Infantry Armor Level 2  
  166  20:46  Command Center  
  166  20:53  Terran Vehicle Weapons Level 3  
  166  20:59  SCV  
  167  21:06  Refinery  
  167  21:11  SCV  
  168  21:23  SCV  
  169  21:35  SCV, Factory Tech Lab  
  170  21:40  Viking x3  
  176  21:47  SCV  
  176  21:52  Missile Turret  
  177  22:10  Viking x3  
  177  22:13  Missile Turret  
  183  22:20  Sensor Tower  
  183  22:22  Marine x3  
  184  22:23  Marine  
  184  22:28  Terran Ship Weapons Level 1  
  184  22:40  Raven, Marine x4, Viking  
  192  22:44  Supply Depot  
  192  22:58  Marine x3  
  193  22:59  Marine  
  158  23:06  Cyclone x4  
  158  23:07  Supply Depot  
  167  23:16  Marine x4  
  171  23:23  Raven  
  171  23:30  Supply Depot  
  171  23:34  Marine x2  
  160  23:38  Cyclone x3  
  171  23:46  Marine x2  
  173  23:51  Marine  
  173  23:52  Marine  
  175  24:04  Marine x2  
  175  24:09  Marine  
  163  24:10  Marine  
  164  24:22  Marine  
  162  24:27  Thor  
  162  24:28  Thor  
  174  24:32  Hellbat x2  
  178  24:48  Planetary Fortress  
  178  24:54  Hellbat x2  
  182  25:10  Thor  
  194  25:15  Hellbat  
  159  25:34  SCV  
  134  25:46  SCV  
  127  25:58  SCV  
  128  26:07  Marine x2  
  128  26:08  Marine x2  
  128  26:10  SCV  
  133  26:13  Thor  
  139  26:21  Liberator x2  
  139  26:22  SCV, Liberator  
  139  26:25  Marine x2  
  126  26:26  Marauder x2  
  141  26:43  Marine x2  
  143  26:47  Marauder x2, Refinery  
  143  26:51  Refinery  
  147  26:55  Supply Depot  
  147  26:56  Thor  
  147  26:59  Supply Depot  
  147  27:01  Marine x2  
  153  27:02  Supply Depot  
  153  27:03  Liberator  
  153  27:04  Liberator x2  
  153  27:09  Marauder x2  
  157  27:17  Missile Turret  
  157  27:19  Marine x2  
  150  27:30  Marauder x2  
  154  27:39  Siege Tank  
  154  27:43  Marine x2  
  159  27:46  Liberator x2  
  159  27:47  Liberator  
  159  27:51  Marine x2  
  161  28:01  Marine x2  
  172  28:09  Marine x2  
  172  28:11  Siege Tank  
  177  28:18  Marine  
  177  28:19  Marine  
  179  28:27  Marine x2  
  181  28:36  Marine x2  
  182  28:44  Marine x2  
  184  28:52  Orbital Command  
  184  28:53  Siege Tank  
  187  29:26  Supply Depot  
  187  29:32  Supply Depot  
  187  29:34  Supply Depot  
  187  29:48  Siege Tank  
  190  29:52  Command Center  
  187  30:20  Siege Tank, Missile Turret  
  190  30:41  Missile Turret  
  190  30:52  Siege Tank  
  193  31:02  Missile Turret  
  193  31:10  Supply Depot  
  193  31:13  Missile Turret  
  193  31:15  Missile Turret  
  193  31:28  Missile Turret  
  193  31:34  Missile Turret  
  193  31:48  Missile Turret  
  193  32:00  Sensor Tower  
  193  32:08  Supply Depot  
  193  32:11  Supply Depot  
  193  32:21  Liberator x2  
  193  32:22  Liberator  
  168  32:32  Sensor Tower, Supply Depot  
  168  32:40  Marine x4  
  181  32:58  Marine x4  
  176  33:04  Liberator  
  167  33:07  Liberator x2  
  157  33:15  Marine  
  157  33:16  Marine x3  
  166  33:33  Marine x2  
  166  33:34  Marine x2  
  149  33:47  Liberator  
  149  33:50  Liberator  
  149  33:51  Marine x4  
  153  34:07  Viking  
  153  34:09  Marine x4  
  159  34:27  Marine x2  
  155  34:37  Viking  
  155  34:38  Marine x2  
  157  34:42  Hellbat  
  157  34:45  Marine x2  
  163  34:47  Viking  
  163  34:50  Viking  
  167  34:56  Marine x2  
  150  35:03  Marine x2  
  150  35:04  Hellbat  
  138  35:07  Viking  
  138  35:14  Marine x2  
  140  35:17  Viking  
  140  35:20  Marine, Viking  
  140  35:21  Marine  
  145  35:25  Hellbat  
  144  35:32  Marine x2  
  146  35:38  Marine x2  
  148  35:46  Hellbat  
  143  36:08  Hellbat  
  127  36:26  Marine  
  127  36:27  Marine x3  
  127  36:29  Hellbat  
  133  36:44  Marine x3  
  133  36:45  Marine  
  137  36:50  Hellbat  
  137  36:52  Command Center  
  138  37:02  Marine x4  
Show
View Real Time Build Order
Export as new Build Order

Nopi Zerg 

Build Orders: Hatch First 

Get SALT Encoding   

  12  0:01  Drone  
  13  0:12  Overlord  
  13  0:18  Drone  
  14  0:31  Drone x2  
  14  0:34  Drone  
  17  0:53  Hatchery  
  17  0:56  Drone  
  17  0:59  Drone  
  18  1:06  Drone  
  18  1:07  Extractor  
  18  1:17  Drone  
  19  1:24  Spawning Pool  
  18  1:28  Drone  
  19  1:39  Drone  
  20  1:50  Overlord  
  20  2:11  Metabolic Boost  
  20  2:12  Queen x2  
  20  2:13  Zergling x4  
  27  2:15  Drone  
  27  2:18  Drone  
  28  2:26  Drone  
  28  2:28  Drone  
  30  2:35  Overlord  
  30  2:39  Drone  
  31  2:54  Hatchery  
  30  3:00  Drone x4  
  30  3:04  Drone  
  35  3:09  Drone  
  36  3:20  Spore Crawler  
  36  3:26  Baneling Nest, Drone x3  
  37  3:29  Spore Crawler  
  36  3:34  Overlord x2  
  36  3:53  Lair  
  36  3:56  Extractor  
  36  3:57  Drone x9  
  36  4:01  Queen  
  46  4:07  Queen  
  48  4:15  Drone  
  49  4:27  Drone x2  
  51  4:31  Spore Crawler  
  50  4:38  Overlord  
  50  4:39  Overlord x5  
  50  4:51  Zergling x2  
  50  4:52  Zergling x14  
  58  4:59  Zergling x4  
  60  5:04  Queen  
  60  5:06  Overseer  
  62  5:11  Queen  
  62  5:12  Queen  
  66  5:14  Zergling x2  
  66  5:15  Zergling x6  
  66  5:17  Zergling x2  
  66  5:18  Zergling x2  
  66  5:20  Zergling x2  
  73  5:22  Zergling x2  
  73  5:23  Zergling x2  
  73  5:25  Baneling  
  73  5:26  Baneling x2  
  75  5:44  Zergling x2  
  75  5:45  Zergling x22  
  84  5:52  Baneling  
  84  5:53  Baneling x10  
  84  5:54  Baneling  
  79  6:11  Zergling x2  
  79  6:12  Zergling x18  
  89  6:23  Zergling x4  
  88  6:36  Zergling x2  
  88  6:37  Zergling x10  
  70  7:04  Hatchery  
  70  7:05  Drone x5  
  74  7:10  Hatchery  
  73  7:28  Hatchery  
  72  7:40  Overlord x8  
  72  7:42  Overseer  
  72  7:44  Pneumatized Carapace  
  72  7:59  Zergling x6  
  72  8:03  Centrifical Hooks  
  72  8:05  Infestation Pit  
  74  8:14  Overlord  
  74  8:15  Overlord  
  74  8:17  Overlord  
  74  8:18  Overlord  
  74  8:19  Overlord  
  74  8:21  Overlord  
  74  8:27  Zergling x2  
  74  8:28  Zergling x10  
  77  8:35  Baneling x9  
  77  8:36  Baneling x8  
  77  8:42  Hive  
  77  8:49  Extractor x2  
  77  8:51  Zergling x2  
  77  8:52  Zergling x14  
  70  9:09  Drone x3  
  70  9:10  Drone x3  
  70  9:14  Baneling x7  
  63  9:23  Zergling x2  
  63  9:24  Zergling x8  
  40  9:36  Drone x6  
  44  9:46  Zergling x2  
  44  9:47  Zergling x6  
  44  9:56  Spine Crawler  
  42  10:03  Zergling x2  
  42  10:04  Zergling x8  
  42  10:05  Zergling x2  
  48  10:17  Zergling x2  
  48  10:18  Zergling x8  
  53  10:28  Queen  
  54  10:29  Queen  
  54  10:35  Queen  
  58  10:41  Queen  
  60  10:56  Drone x4  
  60  10:57  Drone x3  
  67  11:25  Hatchery  
  66  11:31  Drone x4  
  70  11:33  Zergling x2  
  70  11:34  Zergling x12  
  70  11:35  Zergling x2  
  78  11:48  Adrenal Glands  
  78  11:49  Ultralisk Cavern  
  78  11:53  Evolution Chamber  
  76  12:14  Zergling x2  
  76  12:15  Zergling x26  
  90  12:42  Hatchery, Extractor  
  88  12:47  Extractor  
  88  12:48  Drone  
  88  12:49  Drone x2  
  88  12:50  Drone x3  
  93  12:55  Extractor  
  93  12:56  Drone x3  
  93  12:57  Drone x2  
  93  12:58  Drone  
  98  12:59  Extractor  
  98  13:05  Zergling x20  
  105  13:11  Baneling x9  
  107  13:43  Baneling  
  107  13:44  Baneling x19  
  107  13:47  Zergling x18  
  107  13:48  Zergling x2  
  117  13:53  Chitinous Plating  
  117  14:02  Queen  
  119  14:18  Ultralisk  
  119  14:21  Ultralisk  
  131  14:52  Drone x6  
  137  14:53  Drone x2  
  139  15:02  Zergling x2  
  139  15:03  Zergling x28  
  154  15:07  Zerg Melee Weapons Level 1  
  77  15:45  Spire  
  76  15:56  Zergling x2  
  77  15:57  Zergling x34  
  77  15:58  Zergling x12  
  100  16:06  Zergling x2  
  100  16:07  Zergling x20  
  100  16:08  Zergling x2  
  110  16:17  Baneling  
  110  16:18  Baneling x9  
  108  16:19  Zergling x2  
  108  16:20  Zergling x4  
  71  17:03  Hatchery  
  62  17:10  Mutalisk  
  62  17:11  Mutalisk x13  
  84  17:34  Drone x6  
  84  17:35  Drone x2  
  78  18:49  Ultralisk x5  
  108  19:11  Zergling x2  
  108  19:12  Zergling x28  
  123  19:36  Baneling x9  
  123  19:37  Baneling x15  
  123  19:38  Baneling  
  117  20:18  Ultralisk x2  
  117  20:19  Zergling x2  
  117  20:20  Zergling x10  
  135  20:35  Zerg Melee Weapons Level 2  
  135  20:48  Zergling x22  
  146  21:27  Hatchery  
  146  21:31  Hatchery  
  144  21:33  Extractor  
  144  21:34  Extractor  
  142  21:45  Extractor  
  142  21:47  Zergling x28  
  142  21:48  Zergling x2  
  156  22:05  Greater Spire  
  156  22:23  Zergling x2  
  156  22:24  Zergling x22  
  156  22:27  Zergling x2  
  163  22:47  Baneling  
  163  22:48  Baneling x17  
  163  22:51  Zerg Ground Armor Level 1  
  116  23:13  Ultralisk  
  116  23:14  Zergling x2, Ultralisk  
  116  23:15  Zergling x6  
  127  23:45  Extractor x2  
  125  23:51  Zergling x2  
  125  23:52  Zergling x30  
  125  23:53  Zergling x2  
  140  24:18  Zergling x2  
  140  24:19  Zergling x24  
  153  24:42  Baneling x9  
  153  24:43  Baneling x6  
  153  24:45  Zerg Melee Weapons Level 3  
  153  24:58  Drone x5  
  153  24:59  Drone x3  
  160  25:18  Hatchery  
  101  25:48  Zergling x14  
  101  25:49  Zergling x28  
  109  26:00  Drone  
  102  26:10  Baneling  
  102  26:11  Baneling x10  
  93  26:26  Hatchery  
  92  26:40  Drone x8  
  92  26:43  Drone  
  101  26:54  Zergling x4  
  102  26:55  Hatchery  
  102  27:10  Drone x4  
  75  27:43  Drone x10  
  85  27:50  Drone x2  
  87  27:58  Drone  
  88  28:12  Drone x3  
  91  28:15  Drone  
  91  28:17  Drone  
  91  28:18  Drone  
  94  28:20  Drone  
  94  28:22  Drone  
  94  28:23  Drone x6  
  101  29:03  Mutalisk  
  101  29:04  Mutalisk x13  
  129  29:10  Zergling x2  
  129  29:11  Zergling x10  
  135  29:20  Extractor x2  
  133  29:37  Zergling x26  
  133  29:38  Zergling x16  
  148  29:45  Overseer  
  148  29:48  Zerg Ground Armor Level 2  
  136  30:09  Ultralisk  
  136  30:10  Ultralisk x2  
  154  30:20  Mutalisk  
  154  30:21  Mutalisk x6  
  160  30:55  Ultralisk  
  166  30:59  Overlord x5  
  166  31:24  Mutalisk  
  166  31:25  Mutalisk x10  
  178  31:40  Zergling x2  
  178  31:41  Zergling x40  
  199  31:55  Zergling x2  
  175  32:34  Drone x3  
  178  32:43  Hatchery  
  177  32:45  Extractor  
  123  33:13  Zergling x32  
  123  33:14  Zergling x10  
  134  33:34  Zergling x2  
  134  33:35  Zergling x12  
  132  33:50  Drone x3  
  146  33:55  Ultralisk x2  
  146  33:56  Zergling x2, Ultralisk  
  146  33:57  Zergling x16  
  160  34:29  Baneling x13  
  157  34:32  Zergling x2  
  157  34:33  Zergling x20  
  167  34:59  Corruptor x3  
  144  35:20  Corruptor x2  
  134  35:48  Zergling x2  
  134  35:49  Zergling x46  
Tags
 
Add a new tag
Caveats
  • Supply blocks, unpowered buildings, or Contaminate may cause inaccurate times.
  • Supply counts are checked every 10 seconds.